[Event "GambitGuide"]
[Site "Internet Chess Club"]
[Date "2014.10.31"]
[Round "1"]
[White "JSBach"]
[Black "SlippinAway"]
[Result "1-0"]
[ICCResult "Black resigns"]
[WhiteElo "1601"]
[BlackElo "2064"]
[Opening "Vienna: `Frankenstein-Dracula' variation"]
[ECO "C27"]
[NIC "VG.02"]
[Time "23:40:25"]
[TimeControl "120+12"]

1. e4 e5 2. Nc3 Nf6 3. Bc4 Nxe4 4. Qh5 Nd6 5. Bb3 Nc6 6. Nb5 g6 7. Qf3 f5 8.
Qd5 Qe7 9. Nxc7+ Kd8 10. Nxa8 b6 11. d3 f4 12. Ba4 Bb7 13. Nxb6 axb6 14. Qb3
Kc7 15. Nf3 g5 16. Bd2 e4 17. dxe4 Qxe4+ 18. Kd1 Bg7 19. Re1 Qf5 20. Bc3
Bxc3 21. Qxc3 Ra8 22. Re5 Qf6 23. Bxc6 Bxc6 24. a3 h6 25. Rc1 Nf7 26. Re3
Qd6+ 27. Rd3 Qe6 28. Qb3 Qf5 29. Nd4 Qg4+ 30. f3 Qh5 31. g4 fxg3 32. hxg3
Ne5 33. Re3 Nxf3 34. Nxf3 Bxf3+ 35. Rxf3 {Black resigns} 1-0

[Event "GambitGuide"]
[Site "Internet Chess Club"]
[Date "2014.10.31"]
[Round "1"]
[White "JSBach"]
[Black "fearlessone"]
[Result "0-1"]
[ICCResult "White checkmated"]
[WhiteElo "1599"]
[BlackElo "1812"]
[Opening "Vienna: `Frankenstein-Dracula' variation"]
[ECO "C27"]
[NIC "VG.02"]
[Time "23:42:35"]
[TimeControl "120+12"]

1. e4 e5 2. Nc3 Nf6 3. Bc4 Nxe4 4. Qh5 Nd6 5. Bb3 Nc6 6. Nb5 g6 7. Qf3 f5 8.
Qd5 Qe7 9. Nxc7+ Kd8 10. Nxa8 b6 11. d3 Bb7 12. Nxb6 axb6 13. Qf3 Bg7 14.
Be3 Nd4 15. Qh3 Nxb3 16. Bxb6+ Kc8 17. axb3 g5 18. Ne2 f4 19. b4 h5 20. Ra5
g4 21. Rc5+ Bc6 22. Rxc6+ dxc6 23. Qxh5 Rxh5 24. Bc5 Qe6 25. O-O Nf5 26. f3
g3 27. hxg3 Nxg3 28. Nxg3 fxg3 29. Ra1 Qh6 30. Ra8+ Kd7 31. Ra7+ Ke6 32.
Re7+ Kf5 33. Kf1 Rh1+ 34. Ke2 Bf6 35. Rc7 Qc1 36. Bg1 Rxg1 37. f4 Qxf4 38.
d4 Qe4+ 39. Kd2 Qxd4+ 40. Ke2 Rxg2+ 41. Kf3 Qf2# {White checkmated} 0-1

[Event "GambitGuide"]
[Site "Internet Chess Club"]
[Date "2014.10.31"]
[Round "1"]
[White "JSBach"]
[Black "brawny"]
[Result "1-0"]
[ICCResult "Black resigns"]
[WhiteElo "1599"]
[BlackElo "1930"]
[Opening "Vienna: `Frankenstein-Dracula' variation"]
[ECO "C27"]
[NIC "VG.02"]
[Time "23:43:55"]
[TimeControl "120+12"]

1. e4 e5 2. Nc3 Nf6 3. Bc4 Nxe4 4. Qh5 Nd6 5. Bb3 Nc6 6. Nb5 g6 7. Qf3 f5 8.
Qd5 Qe7 9. Nxc7+ Kd8 10. Nxa8 b6 11. d3 Bb7 12. Nxb6 axb6 13. Qf3 g5 14. Qe3
f4 15. Qxb6+ Kc8 16. Bd5 e4 17. Ne2 exd3 18. cxd3 Bg7 19. Kf1 Re8 20. Bf3
Nd4 21. Qc5+ Kd8 22. Qa5+ Kc8 23. Nxd4 Bxd4 24. Qb4 Nf5 25. Qxb7+
{Black resigns}
1-0

[Event "GambitGuide"]
[Site "Internet Chess Club"]
[Date "2014.10.31"]
[Round "1"]
[White "JSBach"]
[Black "SlippinAway"]
[Result "1-0"]
[ICCResult "Black resigns"]
[WhiteElo "1599"]
[BlackElo "2064"]
[Opening "Vienna: `Frankenstein-Dracula' variation"]
[ECO "C27"]
[NIC "VG.02"]
[Time "23:43:52"]
[TimeControl "120+12"]

1. e4 e5 2. Nc3 Nf6 3. Bc4 Nxe4 4. Qh5 Nd6 5. Bb3 Nc6 6. Nb5 g6 7. Qf3 f5 8.
Qd5 Qe7 9. Nxc7+ Kd8 10. Nxa8 b6 11. d3 f4 12. Ba4 Bb7 13. Nxb6 axb6 14. Qb3
Kc7 15. Ne2 g5 16. Bd2 Bg7 17. f3 h5 18. O-O-O g4 19. d4 Re8 20. Bxc6 dxc6
21. dxe5 Bxe5 22. Nxf4 Qg5 23. Nd5+ {Black resigns} 1-0

[Event "GambitGuide"]
[Site "Internet Chess Club"]
[Date "2014.10.31"]
[Round "1"]
[White "JSBach"]
[Black "Paganini2"]
[Result "1-0"]
[ICCResult "Black checkmated"]
[WhiteElo "1599"]
[BlackElo "1459"]
[Opening "Vienna: `Frankenstein-Dracula' variation"]
[ECO "C27"]
[NIC "VG.02"]
[Time "23:42:06"]
[TimeControl "120+12"]

1. e4 e5 2. Nc3 Nf6 3. Bc4 Nxe4 4. Qh5 Nd6 5. Bb3 Nc6 6. Nb5 g6 7. Qf3 f5 8.
Qd5 Qe7 9. Nxc7+ Kd8 10. Nxa8 b6 11. d3 Bb7 12. Nxb6 axb6 13. Qf3 Nd4 14.
Qg3 f4 15. Qg4 Bg7 16. Ba4 Kc7 17. c3 N4f5 18. Bd2 Re8 19. Rb1 e4 20. Kf1
exd3 21. Re1 Qf7 22. Rxe8 Qxe8 23. Bxf4 Be5 24. Bd2 Qe7 25. Nf3 Bf4 26. Qxf4
Qe2+ 27. Kg1 b5 28. Bxb5 Bc6 29. a4 Bxb5 30. axb5 Kb6 31. g4 Qd1+ 32. Kg2 g5
33. Rxd1 gxf4 34. gxf5 Nxf5 35. Bxf4 d5 36. Rxd3 Kxb5 37. Rxd5+ Kc4 38. Rxf5
Kb3 39. Nd2+ Kxb2 40. c4 Kc3 41. c5 Kd4 42. c6 h5 43. Rxh5 Kd3 44. c7 Ke2
45. c8=Q Kd1 46. Qc4 Ke1 47. Qf1# {Black checkmated} 1-0

[Event "GambitGuide"]
[Site "Internet Chess Club"]
[Date "2014.10.31"]
[Round "1"]
[White "JSBach"]
[Black "fearlessone"]
[Result "0-1"]
[ICCResult "White checkmated"]
[WhiteElo "1599"]
[BlackElo "1812"]
[Opening "Vienna: `Frankenstein-Dracula' variation"]
[ECO "C27"]
[NIC "VG.02"]
[Time "23:44:40"]
[TimeControl "120+12"]

1. e4 e5 2. Nc3 Nf6 3. Bc4 Nxe4 4. Qh5 Nd6 5. Bb3 Nc6 6. Nb5 g6 7. Qf3 f5 8.
Qd5 Qe7 9. Nxc7+ Kd8 10. Nxa8 b6 11. d3 Bb7 12. Nxb6 axb6 13. Qf3 Bg7 14.
Qg3 Nd4 15. Bg5 Bf6 16. Bxf6 Qxf6 17. Ba4 b5 18. Bb3 Nxb3 19. axb3 g5 20.
Nh3 Nf7 21. Ra5 h5 22. Ng1 f4 23. Qh3 g4 24. Rxb5 gxh3 25. Nxh3 Bxg2 26. Rg1
Bxh3 27. b4 f3 28. Rb8+ Ke7 29. Rb5 Bg2 30. d4 exd4 31. Kd1 Nd8 32. Re1+ Ne6
33. Rd5 Rb8 34. Rxh5 Rxb4 35. Rh7+ Kd6 36. b3 d3 37. cxd3 Rxb3 38. Re4 Rxd3+
39. Kc2 Qc3+ 40. Kb1 Rd1+ 41. Ka2 Ra1# {White checkmated} 0-1

[Event "GambitGuide"]
[Site "Internet Chess Club"]
[Date "2014.10.31"]
[Round "1"]
[White "JSBach"]
[Black "skibum1313"]
[Result "1-0"]
[ICCResult "Black resigns"]
[WhiteElo "1599"]
[BlackElo "1513"]
[Opening "Vienna: `Frankenstein-Dracula' variation"]
[ECO "C27"]
[NIC "VG.02"]
[Time "23:43:43"]
[TimeControl "120+12"]

1. e4 e5 2. Nc3 Nf6 3. Bc4 Nxe4 4. Qh5 Nd6 5. Bb3 Nc6 6. Nb5 g6 7. Qf3 f5 8.
Qd5 Qe7 9. Nxc7+ Kd8 10. Nxa8 b6 11. d3 e4 12. dxe4 Nxe4 13. Be3 Qe5 14.
O-O-O Qxd5 15. Bxd5 Bb7 16. f3 Bxa8 17. fxe4 f4 18. Bxf4 Bc5 19. Ne2 Rf8 20.
Rhf1 Kc8 21. Bd2 Rxf1 22. Rxf1 Kc7 23. Rf7 Bb7 24. Bf4+ Bd6 25. Bxd6+ Kxd6
26. Rxh7 Na5 27. Bxb7 Nxb7 28. Rg7 Nc5 29. Rxg6+ Ke5 30. g4 Nxe4 31. h4 Nf2
32. Rg7 Kf6 33. Rxd7 Nxg4 34. Rxa7 Ne5 35. h5 Kg5 36. Re7 Nc4 37. b3 Na5 38.
Re6 Kxh5 39. c4 Kg5 40. Kd2 Kf5 41. Nd4+ Kf4 42. a4 Nb7 43. b4 Nd8 44. Rd6
Nf7 45. Rxb6 Ne5 46. Ne6+ Ke4 47. c5 Nc4+ 48. Kc3 Nxb6 49. cxb6 Kd5 50. b5
Kxe6 51. b7 Kd7 52. b8=Q {Black resigns} 1-0

[Event "GambitGuide"]
[Site "Internet Chess Club"]
[Date "2014.10.31"]
[Round "1"]
[White "JSBach"]
[Black "Empyrean"]
[Result "1-0"]
[ICCResult "Black resigns"]
[WhiteElo "1574"]
[BlackElo "1400"]
[Opening "Vienna: `Frankenstein-Dracula' variation"]
[ECO "C27"]
[NIC "VG.02"]
[Time "23:41:41"]
[TimeControl "120+12"]

1. e4 e5 2. Nc3 Nf6 3. Bc4 Nxe4 4. Qh5 Nd6 5. Bb3 Nc6 6. Nb5 g6 7. Qf3 f5 8.
Qd5 Qe7 9. Nxc7+ Kd8 10. Nxa8 b6 11. d3 Bb7 12. Nxb6 axb6 13. Qf3 Nd4 14.
Qg3 Bg7 15. Bg5 Bf6 16. Bxf6 Qxf6 17. Ba4 b5 18. Bb3 Re8 19. c3 Nxb3 20.
axb3 e4 21. d4 f4 22. Qh3 e3 23. Ra7 exf2+ 24. Kxf2 Ne4+ 25. Kf1 Nd2+ 26.
Kf2 Bc6 27. Qh6 Qe6 28. Qg5+ Re7 29. Qe5 Qxe5 30. dxe5 Rxe5 31. Nh3 Ne4+ 32.
Kf3 g5 33. Rha1 Nxc3+ 34. Kg4 Ne4 35. Kh5 Nf6+ 36. Kh6 g4 37. Nxf4 Ng8+ 38.
Kxh7 Ne7 39. h4 Be4+ 40. Kg7 Nf5+ 41. Kf6 Rc5 42. Re1 Rc6+ 43. Kg5
{Black resigns}
1-0

[Event "GambitGuide"]
[Site "Internet Chess Club"]
[Date "2014.10.31"]
[Round "1"]
[White "JSBach"]
[Black "MishaVB"]
[Result "1-0"]
[ICCResult "Black resigns"]
[WhiteElo "1579"]
[BlackElo "1439"]
[Opening "Vienna: `Frankenstein-Dracula' variation"]
[ECO "C27"]
[NIC "VG.02"]
[Time "23:43:42"]
[TimeControl "120+12"]

1. e4 e5 2. Nc3 Nf6 3. Bc4 Nxe4 4. Qh5 Nd6 5. Bb3 Nc6 6. Nb5 g6 7. Qf3 f5 8.
Qd5 Qe7 9. Nxc7+ Kd8 10. Nxa8 b6 11. d3 Bb7 12. Nxb6 axb6 13. Qf3 Nd4 14.
Qh3 e4 15. Be3 exd3 16. O-O-O Nxb3+ 17. cxb3 Qe4 18. Bxb6+ Kc8 19. Rxd3 Bh6+
20. Kd1 Re8 21. Rc3+ Kb8 22. Bc7+ Ka8 23. Qxh6 Qe1+ 24. Kc2 Qxf2+ 25. Qd2
Re2 26. Qxe2 Qxe2+ 27. Nxe2 Ne4 28. Re3 Nf2 29. Re8+ Ka7 30. Bb8+ Kb6 31.
Rf1 Ne4 32. a4 Nc5 33. Nf4 Ne4 34. Rc1 g5 35. Ne2 f4 36. Re7 Nc5 37. h4 gxh4
38. Nxf4 h3 39. Nxh3 Bxg2 40. Ng5 h6 41. Nf7 Be4+ 42. Kc3 {Black resigns}
1-0

[Event "GambitGuide"]
[Site "Internet Chess Club"]
[Date "2014.10.31"]
[Round "1"]
[White "JSBach"]
[Black "skibum1313"]
[Result "1-0"]
[ICCResult "Black resigns"]
[WhiteElo "1556"]
[BlackElo "1513"]
[Opening "Vienna: `Frankenstein-Dracula' variation"]
[ECO "C27"]
[NIC "VG.02"]
[Time "23:46:29"]
[TimeControl "120+12"]

1. e4 e5 2. Nc3 Nf6 3. Bc4 Nxe4 4. Qh5 Nd6 5. Bb3 Nc6 6. Nb5 g6 7. Qf3 f5 8.
Qd5 Qe7 9. Nxc7+ Kd8 10. Nxa8 b6 11. d3 Bg7 12. Nh3 h6 13. Ba4 Bb7 14. Nxb6
axb6 15. Qb3 Nc8 16. Be3 f4 17. Bxb6+ Ke8 18. Bc5 Nd6 19. Bxd6 Qxd6 20. Qxb7
Ke7 21. Bxc6 Qxc6 22. Qxc6 dxc6 23. a4 {Black resigns} 1-0

[Event "GambitGuide"]
[Site "Internet Chess Club"]
[Date "2014.10.31"]
[Round "1"]
[White "JSBach"]
[Black "Empyrean"]
[Result "1-0"]
[ICCResult "Black resigns"]
[WhiteElo "1555"]
[BlackElo "1400"]
[Opening "Vienna: `Frankenstein-Dracula' variation"]
[ECO "C27"]
[NIC "VG.02"]
[Time "23:46:46"]
[TimeControl "120+12"]

1. e4 e5 2. Nc3 Nf6 3. Bc4 Nxe4 4. Qh5 Nd6 5. Bb3 Nc6 6. Nb5 g6 7. Qf3 f5 8.
Qd5 Qe7 9. Nxc7+ Kd8 10. Nxa8 b6 11. d3 Bb7 12. Nxb6 axb6 13. Qf3 e4 14.
dxe4 Nxe4 15. Be3 Bg7 16. Bxb6+ Ke8 17. O-O-O {Black resigns} 1-0

[Event "GambitGuide"]
[Site "Internet Chess Club"]
[Date "2014.10.31"]
[Round "1"]
[White "JSBach"]
[Black "SlippinAway"]
[Result "1-0"]
[ICCResult "Black resigns"]
[WhiteElo "1555"]
[BlackElo "2064"]
[Opening "Vienna: `Frankenstein-Dracula' variation"]
[ECO "C27"]
[NIC "VG.02"]
[Time "23:45:05"]
[TimeControl "120+12"]

1. e4 e5 2. Nc3 Nf6 3. Bc4 Nxe4 4. Qh5 Nd6 5. Bb3 Nc6 6. Nb5 g6 7. Qf3 f5 8.
Qd5 Qe7 9. Nxc7+ Kd8 10. Nxa8 b6 11. d3 f4 12. Ba4 Bb7 13. Nxb6 axb6 14. Qb3
Kc7 15. Nf3 g5 16. Qc3 Bg7 17. Qb3 e4 18. dxe4 Qxe4+ 19. Kf1 Re8 20. h3 h5
21. Kg1 g4 22. Nd2 Qe2 23. Qd5 Bd4 24. Kh2 Bxf2 25. Rf1 g3+ 26. Kh1 Ne4 27.
Bb5 Nf6 28. Bxe2 Nxd5 29. Bxh5 Rh8 30. Bf3 Ne3 31. Ne4 Nxf1 32. Bxf4+ Kd8
33. Nxf2 gxf2 34. Rxf1 Rf8 35. Bg3 Nd4 36. Bxb7 {Black resigns} 1-0

[Event "GambitGuide"]
[Site "Internet Chess Club"]
[Date "2014.10.31"]
[Round "1"]
[White "JSBach"]
[Black "fearlessone"]
[Result "0-1"]
[ICCResult "White checkmated"]
[WhiteElo "1555"]
[BlackElo "1812"]
[Opening "Vienna: `Frankenstein-Dracula' variation"]
[ECO "C27"]
[NIC "VG.02"]
[Time "23:46:07"]
[TimeControl "120+12"]

1. e4 e5 2. Nc3 Nf6 3. Bc4 Nxe4 4. Qh5 Nd6 5. Bb3 Nc6 6. Nb5 g6 7. Qf3 f5 8.
Qd5 Qe7 9. Nxc7+ Kd8 10. Nxa8 b6 11. d3 Bb7 12. Nxb6 axb6 13. Qf3 Bg7 14.
Be3 Nd4 15. Qh3 Nxb3 16. Bxb6+ Kc8 17. axb3 g5 18. b4 h5 19. Ra7 f4 20. Ra5
g4 21. Rc5+ Bc6 22. Rxc6+ dxc6 23. Qxh5 Rxh5 24. Bc5 Qe6 25. f3 gxf3 26.
Nxf3 Nf5 27. Kd2 Nd4 28. Ne1 Qh6 29. Bxd4 exd4 30. Nf3 Qg6 31. Rg1 Rg5 32.
Nxg5 Qxg5 33. h4 Qxh4 34. Re1 Qg5 35. Kd1 Qxg2 36. Re6 f3 37. Rxc6+ Kd7 38.
Re6 Kxe6 39. c3 dxc3 40. bxc3 f2 41. Kc2 f1=Q+ 42. Kb3 Qb1+ 43. Ka4 Qga2+
44. Kb5 Qxd3+ 45. Kc6 Qac4+ 46. Kb7 Qd7+ 47. Ka8 Qcc8# {White checkmated}
0-1

[Event "GambitGuide"]
[Site "Internet Chess Club"]
[Date "2014.10.31"]
[Round "1"]
[White "JSBach"]
[Black "Svinotigr"]
[Result "1-0"]
[ICCResult "Black resigns"]
[WhiteElo "1555"]
[BlackElo "1757"]
[Opening "Vienna: `Frankenstein-Dracula' variation"]
[ECO "C27"]
[NIC "VG.02"]
[Time "23:40:22"]
[TimeControl "120+12"]

1. e4 e5 2. Nc3 Nf6 3. Bc4 Nxe4 4. Qh5 Nd6 5. Bb3 Nc6 6. Nb5 g6 7. Qf3 f5 8.
Qd5 Qe7 9. Nxc7+ Kd8 10. Nxa8 b6 11. d3 Bb7 12. Nxb6 axb6 13. Qf3 Nd4 14.
Qg3 Bg7 15. Bg5 Bf6 16. Bxf6 Qxf6 17. Ba4 g5 18. c3 f4 19. Qg4 N4f5 20. d4
h5 21. Qh3 g4 22. Qd3 exd4 23. Kf1 Ne3+ 24. fxe3 fxe3+ 25. Nf3 gxf3 26. g3
e2+ 27. Kf2 Ne4+ 28. Ke1 h4 29. Qb5 Bc6 30. Qxb6+ Ke8 31. Bc2 hxg3 32. Bxe4
Rxh2 33. Rxh2 gxh2 34. Qb8+ Kf7 35. Qb3+ d5 36. Bxd5+ Bxd5 37. Qxd5+ Kg6 38.
Qe4+ Kg5 39. Kf2 Qf4 40. Qd5+ Kg4 41. Qd7+ Kh4 42. Qh7+ Kg4 43. Qg8+ Qg5 44.
Qxg5+ Kxg5 45. a4 d3 46. Kxf3 Kh4 47. Ke3 Kh3 48. Kxd3 Kg2 49. Kxe2 h1=Q 50.
Rxh1 {Black resigns} 1-0

[Event "GambitGuide"]
[Site "Internet Chess Club"]
[Date "2014.10.31"]
[Round "1"]
[White "JSBach"]
[Black "fearlessone"]
[Result "0-1"]
[ICCResult "White checkmated"]
[WhiteElo "1555"]
[BlackElo "1812"]
[Opening "Vienna: `Frankenstein-Dracula' variation"]
[ECO "C27"]
[NIC "VG.02"]
[Time "23:48:09"]
[TimeControl "120+12"]

1. e4 e5 2. Nc3 Nf6 3. Bc4 Nxe4 4. Qh5 Nd6 5. Bb3 Nc6 6. Nb5 g6 7. Qf3 f5 8.
Qd5 Qe7 9. Nxc7+ Kd8 10. Nxa8 b6 11. d3 Bb7 12. Nxb6 axb6 13. Qf3 Bg7 14.
Be3 Nd4 15. Qh3 Nxb3 16. Bxb6+ Kc8 17. axb3 g5 18. b4 h5 19. Ne2 f4 20. Ra5
g4 21. Rc5+ Bc6 22. Rxc6+ dxc6 23. Qxh5 Rxh5 24. Bc5 Qe6 25. O-O Nf5 26. f3
g3 27. hxg3 Nxg3 28. Nxg3 fxg3 29. Ra1 Qh6 30. Ra8+ Kd7 31. Ra7+ Ke6 32.
Re7+ Kf6 33. Kf1 Rh1+ 34. Ke2 Qc1 35. Bg1 Rxg1 36. Rf7+ Kxf7 37. f4 Qxf4 38.
d4 Rxg2+ 39. Ke1 Qc1# {White checkmated} 0-1

[Event "GambitGuide"]
[Site "Internet Chess Club"]
[Date "2014.10.31"]
[Round "1"]
[White "JSBach"]
[Black "Empyrean"]
[Result "1-0"]
[ICCResult "Black resigns"]
[WhiteElo "1555"]
[BlackElo "1400"]
[Opening "Vienna: `Frankenstein-Dracula' variation"]
[ECO "C27"]
[NIC "VG.02"]
[Time "23:48:25"]
[TimeControl "120+12"]

1. e4 e5 2. Nc3 Nf6 3. Bc4 Nxe4 4. Qh5 Nd6 5. Bb3 Nc6 6. Nb5 g6 7. Qf3 f5 8.
Qd5 Qe7 9. Nxc7+ Kd8 10. Nxa8 b6 11. d3 Bb7 12. Nxb6 axb6 13. Qf3 Nd4 14.
Qh3 Nf7 15. Be3 f4 16. Bxd4 exd4+ 17. Ne2 Ng5 18. Qg4 Bg7 19. Qxf4 Rf8 20.
Qb8+ Bc8 21. Qxb6+ Ke8 22. Qc7 {Black resigns} 1-0

[Event "GambitGuide"]
[Site "Internet Chess Club"]
[Date "2014.10.31"]
[Round "1"]
[White "JSBach"]
[Black "SlippinAway"]
[Result "0-1"]
[ICCResult "White checkmated"]
[WhiteElo "1555"]
[BlackElo "2064"]
[Opening "Vienna: `Frankenstein-Dracula' variation"]
[ECO "C27"]
[NIC "VG.02"]
[Time "23:48:08"]
[TimeControl "120+12"]

1. e4 e5 2. Nc3 Nf6 3. Bc4 Nxe4 4. Qh5 Nd6 5. Bb3 Nc6 6. Nb5 g6 7. Qf3 f5 8.
Qd5 Qe7 9. Nxc7+ Kd8 10. Nxa8 b6 11. d3 f4 12. Ba4 Bb7 13. Nxb6 axb6 14. Qb3
Kc7 15. Nf3 g5 16. h4 g4 17. Ng5 Nd4 18. Qc3+ Bc6 19. Bxc6 dxc6 20. Bd2 h6
21. Ne4 Nxe4 22. dxe4 Qe6 23. Bxf4 Bb4 24. Bd2 Bxc3 25. Bxc3 Nxc2+ 26. Kd2
Nxa1 27. Rxa1 Rd8+ 28. Ke1 c5 29. Rc1 Kb7 30. b3 Rd3 31. Ke2 c4 32. Bb4 b5
33. Bc5 g3 34. bxc4 bxc4 35. Rb1+ Kc7 36. Rb4 gxf2 37. Rb6 Qxb6 38. Bxb6+
Kxb6 39. Kxf2 c3 40. Ke2 Rd4 41. h5 c2 42. g4 c1=Q 43. Kf3 Qc3+ 44. Kg2 Rd2+
45. Kg1 Qc1# {White checkmated} 0-1

[Event "GambitGuide"]
[Site "Internet Chess Club"]
[Date "2014.10.31"]
[Round "1"]
[White "JSBach"]
[Black "Empyrean"]
[Result "1-0"]
[ICCResult "Black resigns"]
[WhiteElo "1554"]
[BlackElo "1400"]
[Opening "Vienna: `Frankenstein-Dracula' variation"]
[ECO "C27"]
[NIC "VG.02"]
[Time "23:49:45"]
[TimeControl "120+12"]

1. e4 e5 2. Nc3 Nf6 3. Bc4 Nxe4 4. Qh5 Nd6 5. Bb3 Nc6 6. Nb5 g6 7. Qf3 f5 8.
Qd5 Qe7 9. Nxc7+ Kd8 10. Nxa8 b6 11. d3 Bb7 12. Nxb6 axb6 13. Qf3 Nd4 14.
Qg3 f4 15. Qg4 Qf6 16. Ba4 b5 17. Bb3 f3 18. Bg5 {Black resigns} 1-0

[Event "GambitGuide"]
[Site "Internet Chess Club"]
[Date "2014.10.31"]
[Round "1"]
[White "JSBach"]
[Black "fearlessone"]
[Result "0-1"]
[ICCResult "White checkmated"]
[WhiteElo "1554"]
[BlackElo "1812"]
[Opening "Vienna: `Frankenstein-Dracula' variation"]
[ECO "C27"]
[NIC "VG.02"]
[Time "23:49:21"]
[TimeControl "120+12"]

1. e4 e5 2. Nc3 Nf6 3. Bc4 Nxe4 4. Qh5 Nd6 5. Bb3 Nc6 6. Nb5 g6 7. Qf3 f5 8.
Qd5 Qe7 9. Nxc7+ Kd8 10. Nxa8 b6 11. d3 Bb7 12. Nxb6 axb6 13. Qf3 Bg7 14.
Qg3 Nd4 15. Bg5 Bf6 16. Bxf6 Qxf6 17. Ba4 b5 18. Bb3 Nxb3 19. axb3 g5 20.
Nh3 Nf7 21. Ra5 h5 22. Ng1 f4 23. Qh3 g4 24. Rxb5 Bc6 25. Rb8+ Kc7 26. Rxh8
gxh3 27. Nxh3 Qxh8 28. f3 Qg7 29. O-O Ng5 30. Nxg5 Qxg5 31. b4 h4 32. b3 h3
33. Rf2 hxg2 34. d4 e4 35. Rxg2 Qh5 36. fxe4 Bxe4 37. Rd2 f3 38. h4 Qg4+ 39.
Kf1 Qh3+ 40. Kg1 Qxh4 41. Rf2 Qg3+ 42. Kf1 Qh3+ 43. Kg1 Qh8 44. Rd2 Qg8+ 45.
Kf1 Qg6 46. c3 Bd3+ 47. Kf2 Be2 48. Ra2 Qg2+ 49. Ke3 Qg1+ 50. Kd2 Qd1+ 51.
Ke3 Qxb3 52. Ra7+ Kd8 53. Ra8+ Ke7 54. Rc8 Qe6+ 55. Kf2 Qh6 56. Kg3 Qe3 57.
Kh2 f2 58. Rg8 f1=Q 59. Rg7+ Kd8 60. Rg8+ Kc7 61. Rg2 Qh6+ 62. Kg3 Qf3#
{White checkmated}
0-1

[Event "GambitGuide"]
[Site "Internet Chess Club"]
[Date "2014.10.31"]
[Round "1"]
[White "JSBach"]
[Black "ADT"]
[Result "1-0"]
[ICCResult "Black resigns"]
[WhiteElo "1565"]
[BlackElo "1860"]
[Opening "Vienna: `Frankenstein-Dracula' variation"]
[ECO "C27"]
[NIC "VG.02"]
[Time "23:51:30"]
[TimeControl "120+12"]

1. e4 e5 2. Nc3 Nf6 3. Bc4 Nxe4 4. Qh5 Nd6 5. Bb3 Nc6 6. Nb5 g6 7. Qf3 f5 8.
Qd5 Qe7 9. Nxc7+ Kd8 10. Nxa8 b6 11. d3 Bb7 12. Nxb6 Kc7 13. Nc4 Nxc4 14.
dxc4 d6 15. Nf3 Nd8 16. Qa5+ Kb8 17. Bg5 Qd7 18. Bxd8 Bxf3 19. gxf3 Bh6 20.
Bf6 Rf8 21. Qb4+ Ka8 22. Ba4 Qc7 23. Be7 Rb8 24. Qc3 Bf4 25. Bf6 e4 26. O-O
Be5 27. Bxe5 dxe5 28. fxe4 f4 29. Rad1 Rd8 30. Rxd8+ Qxd8 31. Bc6+ Kb8 32.
Qxe5+ Kc8 33. Qxf4 h6 34. Qg4+ Kc7 35. Qxg6 Qg5+ 36. Qxg5 hxg5 37. Bd5
{Black resigns}
1-0

[Event "GambitGuide"]
[Site "Internet Chess Club"]
[Date "2014.10.31"]
[Round "1"]
[White "JSBach"]
[Black "Lolcatz"]
[Result "1-0"]
[ICCResult "Black resigns"]
[WhiteElo "1565"]
[BlackElo "2309"]
[Opening "Vienna: `Frankenstein-Dracula' variation"]
[ECO "C27"]
[NIC "VG.02"]
[Time "23:52:48"]
[TimeControl "120+12"]

1. e4 e5 2. Nc3 Nf6 3. Bc4 Nxe4 4. Qh5 Nd6 5. Bb3 Nc6 6. Nb5 g6 7. Qf3 f5 8.
Qd5 Qe7 9. Nxc7+ Kd8 10. Nxa8 b6 11. d3 Bb7 12. Nxb6 axb6 13. Qf3 Nd4 14.
Qg3 g5 15. Bxg5 {Black resigns} 1-0

[Event "GambitGuide"]
[Site "Internet Chess Club"]
[Date "2014.10.31"]
[Round "1"]
[White "JSBach"]
[Black "MishaVB"]
[Result "0-1"]
[ICCResult "White checkmated"]
[WhiteElo "1565"]
[BlackElo "1439"]
[Opening "Vienna: `Frankenstein-Dracula' variation"]
[ECO "C27"]
[NIC "VG.02"]
[Time "23:47:20"]
[TimeControl "120+12"]

1. e4 e5 2. Nc3 Nf6 3. Bc4 Nxe4 4. Qh5 Nd6 5. Bb3 Nc6 6. Nb5 g6 7. Qf3 f5 8.
Qd5 Qe7 9. Nxc7+ Kd8 10. Nxa8 b6 11. d3 Bb7 12. Nxb6 axb6 13. Qf3 Nd4 14.
Qh3 e4 15. Be3 exd3 16. O-O-O Nxb3+ 17. cxb3 Qe4 18. Bxb6+ Ke8 19. Qxd3 Qxd3
20. Rxd3 Bxg2 21. Bd4 Rg8 22. Bc5 Ne4 23. Bxf8 Rxf8 24. f3 Nf6 25. b4 Bxh1
26. a4 Ke7 27. b5 Bg2 28. Re3+ Kd6 29. b6 Nd5 30. Re2 Bf1 31. Re1 Rc8+ 32.
Kd2 Ba6 33. a5 Rc5 34. Ra1 Nb4 35. b3 Rc2+ 36. Kd1 Rg2 37. Nh3 Rxh2 38. Ng1
Rh1 39. Kd2 Rh2+ 40. Kd1 Rg2 41. Nh3 Rg3 42. Ra4 Nd5 43. Rh4 Rxf3 44. Rxh7
Rxb3 45. Kc2 Rb5 46. Rh6 Rxa5 47. Rxg6+ Kc5 48. Rg7 Bc8 49. Rg5 Kxb6 50.
Rg6+ Kc7 51. Rg7 Ra3 52. Ng5 Rg3 53. Ne6+ Kd6 54. Rxg3 Kxe6 55. Rg8 Bb7 56.
Rb8 Bc6 57. Kb3 Kd6 58. Rg8 f4 59. Rg6+ Ke5 60. Rg7 f3 61. Rf7 Ke4 62. Rf8
Ke3 63. Re8+ Kf2 64. Rc8 Kg2 65. Rg8+ Kf1 66. Rf8 f2 67. Ka3 Ne3 68. Rb8 Ke2
69. Rf8 f1=Q 70. Rxf1 Nxf1 71. Kb2 Ne3 72. Kc3 Nd5+ 73. Kb3 Ke3 74. Kc2 Kd4
75. Kd2 d6 76. Kc1 Ne3 77. Kd2 Bf3 78. Ke1 d5 79. Kd2 Bg4 80. Ke1 Kd3 81.
Kf2 Kd2 82. Kg3 d4 83. Kf4 d3 84. Kg3 Ke2 85. Kf4 d2 86. Ke4 d1=Q 87. Ke5
Qd5+ 88. Kf6 Qe6+ 89. Kg5 Qf5+ 90. Kh6 Qf6+ 91. Kh7 Bf5+ 92. Kg8 Qe7 93. Kh8
Qh7# {White checkmated} 0-1

[Event "GambitGuide"]
[Site "Internet Chess Club"]
[Date "2014.10.31"]
[Round "1"]
[White "JSBach"]
[Black "applepi"]
[Result "1-0"]
[ICCResult "Black resigns"]
[WhiteElo "1565"]
[BlackElo "1619"]
[Opening "Vienna: `Frankenstein-Dracula' variation"]
[ECO "C27"]
[NIC "VG.02"]
[Time "23:48:41"]
[TimeControl "120+12"]

1. e4 e5 2. Nc3 Nf6 3. Bc4 Nxe4 4. Qh5 Nd6 5. Bb3 Nc6 6. Nb5 g6 7. Qf3 f5 8.
Qd5 Qe7 9. Nxc7+ Kd8 10. Nxa8 b6 11. d3 Bb7 12. Nxb6 axb6 13. Qf3 Nd4 14.
Qg3 f4 15. Qg4 g5 16. Bd2 h5 17. Qd1 Bxg2 18. c3 N4f5 19. Bd5 Bxd5 20. f3
Rg8 21. c4 Bc6 22. Qb3 Kc7 23. c5 Nb5 24. cxb6+ Kb7 25. Qxg8 d5 26. Rc1 Nh6
27. Qh8 Be8 28. a4 Bg7 29. Qh7 Bd7 30. axb5 Bf5 31. Ra1 Kxb6 32. Ra6+ Kxb5
33. Rg6 Bxg6 34. Qxg6 {Black resigns} 1-0

[Event "GambitGuide"]
[Site "Internet Chess Club"]
[Date "2014.10.31"]
[Round "1"]
[White "JSBach"]
[Black "fearlessone"]
[Result "0-1"]
[ICCResult "White checkmated"]
[WhiteElo "1565"]
[BlackElo "1812"]
[Opening "Vienna: `Frankenstein-Dracula' variation"]
[ECO "C27"]
[NIC "VG.02"]
[Time "23:52:24"]
[TimeControl "120+12"]

1. e4 e5 2. Nc3 Nf6 3. Bc4 Nxe4 4. Qh5 Nd6 5. Bb3 Nc6 6. Nb5 g6 7. Qf3 f5 8.
Qd5 Qe7 9. Nxc7+ Kd8 10. Nxa8 b6 11. d3 Bb7 12. Nxb6 axb6 13. Qf3 Bg7 14.
Be3 Nd4 15. Qh3 Nxb3 16. Bxb6+ Kc8 17. axb3 g5 18. b4 h5 19. Ra7 f4 20. Nf3
g4 21. Qh4 Bf6 22. Bd8 Qxd8 23. Qxf6 Qxf6 24. Nd2 Kb8 25. Ra1 Bxg2 26. Rg1
f3 27. Ra6 Kb7 28. Ne4 Nxe4 29. Rxf6 Nxf6 30. Kd2 e4 31. Re1 exd3 32. Kxd3
Re8 33. Rxe8 Nxe8 34. Kd4 Nf6 35. Ke5 h4 36. Kxf6 g3 37. hxg3 hxg3 38. fxg3
f2 39. Kg7 f1=Q 40. g4 Qf4 41. b5 Qxg4+ 42. Kh6 Qe6+ 43. Kg7 Qe5+ 44. Kf8
Qxb5 45. b3 Qc5+ 46. Ke8 Qxc2 47. Kxd7 Qxb3 48. Ke7 Bf1 49. Kd6 Ba6 50. Ke5
Qd1 51. Ke4 Kc6 52. Kf4 Kd5 53. Kg3 Qf1 54. Kg4 Ke5 55. Kg3 Qf6 56. Kg4 Ke4
57. Kg3 Qf5 58. Kg2 Ke3 59. Kg3 Qg6+ 60. Kh4 Kf4 61. Kh3 Qg3# {White
checkmated} 0-1